 Dungeon Crawl Stone Soup version 0.27-a0-1149-g4505690ab0 (webtiles) character file.

Game seed: 8438966301205885505

1292 Sobieck the Ruffian (level 8, 0/80 HPs)
             Began as a Troll Delver on May 12, 2021.
             Was a Priest of Cheibriados.
             Slain by a yak (10 damage)
             ... on level 6 of the Dungeon.
             The game lasted 00:10:20 (4219 turns).

Sobieck the Ruffian (Troll Delver)                  Turns: 4219, Time: 00:10:21

Health: 0/80       AC:  5    Str: 30    XL:     8   Next: 30%
Magic:  9/9        EV: 10    Int: 13    God:    Cheibriados [***...]
Gold:   268        SH:  0    Dex: 18    Spells: 7/7 levels left

rFire    . . .     SeeInvis .     - Unarmed
rCold    . . .     Faith    .   (no shield)
rNeg     . . .     Spirit   .   a - +0 robe
rPois    .         Reflect  .   (helmet restricted)
rElec    .         Harm     .   g - +0 cloak
rCorr    .         Rampage  .   (gloves unavailable)
Will     .....                  (boots unavailable)
Stlth    ++........             (no amulet)
HPRegen  1.23/turn              i - +4 ring of slaying
MPRegen  0.11/turn              (no ring)

@: very slow
A: large, unfitting armour, claws 3, regeneration 1, shaggy fur 1, tough skin 1
a: Renounce Religion, Bend Time, Temporal Distortion


You were on level 6 of the Dungeon.
You worshipped Cheibriados.
Cheibriados was most pleased with you.
You visited 2 branches of the dungeon, and saw 8 of its levels.

You collected 268 gold pieces.


Innate Abilities, Weirdness & Mutations

You are too large for most types of armour.
You have claws for hands.
Your natural rate of healing is unusually fast.
You are covered in fur. (AC +1)
You have tough skin. (AC +1)


   Skills:
 + Level 5.0 Fighting
 - Level 1.5 Dodging
 - Level 2.7 Stealth
 * Level 7.6 Unarmed Combat
 + Level 3.8 Invocations


You had 7 spell levels left.
You didn't know any spells.
Your spell library contained the following spells:

 Spells                   Type           Power      Damage    Failure   Level
 Corona                   Hex            0%         N/A       30%         1
 Magic Dart               Conj           0%         1d3       30%         1
 Sandblast                Erth           0%         2d4       30%         1
 Ensorcelled Hibernation  Hex/Ice        0%         N/A       43%         2
 Passwall                 Tmut/Erth      0%         N/A       43%         2
 Searing Ray              Conj           0%         3d3       43%         2
 Confusing Touch          Hex            0%         N/A       67%         3
 Dazzling Flash           Conj/Hex       0%         N/A       67%         3
 Stone Arrow              Conj/Erth      0%         3d7       67%         3
 Tukima's Dance           Hex            0%         N/A       67%         3
 Fulminant Prism          Conj/Hex       0%         3d6       97%         4
 Iskenderun's Mystic Bla  Conj/Tloc      0%         2d3       97%         4
 Petrify                  Tmut/Erth      0%         N/A       97%         4
 Lee's Rapid Deconstruct  Erth           0%         3d5*      100%        5

Inventory:

Hand Weapons
 b - a +0 hand crossbow {crossbow}
   (You took it off a kobold on level 4 of the Dungeon)
 A - a +0 hunting sling {sling}
   (You took it off a goblin on level 4 of the Dungeon)
 C - a +0 flail {mace}
   (You took it off an orc on level 5 of the Dungeon)
 D - a +3 falchion of holy wrath {long}
   (You took it off an orc on level 5 of the Dungeon)
Missiles
 j - 129 stones (quivered) {throwing}
 l - 9 boomerangs {throwing}
 q - 7 javelins {throwing}
 t - 30 arrows
 x - 13 poisoned darts {throwing}
 y - 38 bolts
 E - 18 sling bullets
Armour
 a - a +0 robe (worn)
 g - a +0 cloak (worn)
   (You found it on level 5 of the Dungeon)
Magical Staves
 p - a staff of conjuration {!a@e2staff}
   (You found it on level 1 of the Dungeon)
Jewellery
 i - a +4 ring of slaying (left claw)
   (You found it on level 4 of the Dungeon)
Wands
 f - a wand of digging (3)
 B - a wand of iceblast (5)
   (You found it on level 4 of the Dungeon)
Scrolls
 c - 3 scrolls of magic mapping {!r}
 d - 3 scrolls of fear
 h - a scroll of teleportation {unknown}
 k - a scroll of fog
 n - a scroll of enchant armour {unknown}
 o - 6 scrolls of identify {unknown}
 s - a scroll of enchant weapon {unknown}
 v - a scroll of amnesia {unknown}
 F - 2 scrolls of blinking {unknown}
 G - a scroll of vulnerability {unknown}
 H - a scroll of brand weapon {unknown}
Potions
 e - a potion of haste {@q3}
 m - 2 potions of haste {forbidden@q3}
 r - a potion of cancellation {unknown}
 u - 2 potions of degeneration {unknown}
 w - a potion of might {unknown}
 z - a potion of berserk rage {unknown}
 I - a potion of heal wounds {unknown}

Dungeon Overview and Level Annotations

Branches:
Dungeon (7/15)             Temple (1/1) D:4

Altars:
Ashenzari
Cheibriados
Elyvilon
Fedhas
Gozag
Hepliaklqana
Makhleb
Nemelex Xobeh
Qazlal
Uskayaw
Vehumet
Xom
Yredelemnul
The Shining One
Lugonu

Shops:
D:1

( #####..##.#.#..#
#...##......#######
#..#####.##........
#..# #..##########
#..# #.## ####..#
##.## ..##..###...##
..# #.....#######
..##.. #........@Y.#
......##.....#####n#
..###.###...## #.#
..##...###### #n#
..##...### #(#
##.......# #(#
.........####### #(#
#.....<........ ..(
###...##...### .[.


You could see a yak and a necrophage.


Message History

You shoot a bolt. The bolt hits the yak!
The yak bellows!
You hear a bellow!
You hear a shout!
A yak comes into view.
You shoot a bolt. The yak bellows!
The bolt hits the yak!
A yak comes into view. x2
You shoot a bolt. The yak bellows! x2
The bolt hits the yak but does no damage.
You shoot a bolt. The bolt hits the yak!
A yak comes into view.
You shoot a bolt. The bolt hits the yak.
You shoot a bolt.
The bolt hits the yak but does no damage.
You are now empty-clawed.
The yak gores you. 😕 HP[-6]
You take 6 damage, and now have 65/71 hp.
You claw the yak! The yak barely misses you. 😕 HP[+1]
You claw the yak!
You kill the yak!
Cheibriados appreciates the change of pace.
Your Invocations skill increases to level 3! 😕 HP[+1]
You scratch the yak. 😕 HP[+1]
You mangle the yak!!
You kill the yak!
Cheibriados appreciates the change of pace.
Your Unarmed Combat skill increases to level 7!
You have reached level 8! 😕 HP[+9] MP[+1]
You now have 79 max hp (+8).
You regained 9 hp, and now have 77/79 hp.
Your mp is fully restored (9).
You claw the yak! The yak gores you! 😕 HP[-7]
You take 7 damage, and now have 70/79 hp.
You claw the yak! The yak gores you! 😮 HP[-16]
You take 16 damage, and now have 54/79 hp.
MASSIVE DAMAGE!! (PAUSE)
You claw the yak! The yak gores you. 😮 HP[-2]
You take 2 damage, and now have 52/79 hp.
You claw the yak!
You kill the yak!
Cheibriados appreciates the change of pace. 😮 HP[+1]
You scratch the yak. 😮 HP[+1]
The yak gores you. The yak barely misses you. The yak gores you!
Things that are here:
a bolt; a yak corpse; 😮 HP[-10]
You take 10 damage, and now have 44/79 hp.
You claw the yak! The yak gores you!
* * * LOW HITPOINT WARNING * * *
The yak barely misses you. 😨 HP[-13]
You take 13 damage, and now have 31/79 hp.
Unknown command.
You claw the yak! The yak gores you.
* * * LOW HITPOINT WARNING * * *
A necrophage comes into view. 😨 HP[-2]
You take 2 damage, and now have 29/79 hp.
Unknown command.
You mangle the yak!! The yak barely misses you. The yak gores you!
* * * LOW HITPOINT WARNING * * *
😱 HP[-10]
You take 10 damage, and now have 19/79 hp.
Unknown command.
You claw the yak!
You kill the yak!
Cheibriados appreciates the change of pace.
The yak closely misses you.
Your Fighting skill increases to level 5! 😨 HP[+2]
You now have 80 max hp (+1).
You regained 2 hp, and now have 21/80 hp.
You scratch the yak. The yak gores you.
* * * LOW HITPOINT WARNING * * *
😱 HP[-5]
You take 5 damage, and now have 16/80 hp.
You scratch the yak. The yak misses you. 😱 HP[+1]
You completely miss the yak. The yak gores you!
* * * LOW HITPOINT WARNING * * *
😱 HP[-8]
You take 8 damage, and now have 9/80 hp.
You barely miss the yak. The yak gores you.
* * * LOW HITPOINT WARNING * * *
😱 HP[-3]
You take 3 damage, and now have 6/80 hp.
Unknown command. 😱 HP[+2]
You regained 2 hp, and now have 8/80 hp.
The yak gores you!
You die...

Skill      XL: |  1  2  3  4  5  6  7  8 |
---------------+-------------------------+-----
Fighting       | 3 4 5 |  5.0
Unarmed Combat | 3 4 5 6 7 |  7.6
Invocations    | 1 2 3 |  3.8
Dodging        | |  1.5
Stealth        | |  2.7

Action                   |  1- 3 |  4- 6 |  7- 9 || total
-------------------------+-------+-------+-------++-------
Melee: Unarmed           |    16 |   150 |    21 ||   187
       Punch             |       |     3 |       ||     3
 Fire: Hunting sling     |       |     6 |       ||     6
       Hand crossbow     |       |    34 |    23 ||    57
Throw: Stone             |     2 |     4 |       ||     6
 Stab: Sleeping          |       |     9 |       ||     9
Armor: Robe              |     5 |    67 |       ||    72
Dodge: Dodged            |     9 |    95 |     9 ||   113

Levels and vault maps discovered:
D:1:      minmay_arrival_up_and_down, layout_basic,
          shapermc_ecumenical_altar_gd, serial_shops, nicolae_shop_statue_plus
D:2:      layout_loops_ring, minmay_misc_feat_chi, kennysheep_generic_room_11
D:3:      layout_rooms, overflow_temple_1_default
D:4:      layout_basic, lemuel_tele_altar, minmay_temple_entry_offerings
D:5:      layout_basic, general_overflow_altar
D:6:      layout_loops_ring, nzn_overflow_gifts_of_might_and_magic,
          serial_bayou, serial_bayou_shore_b, serial_bayou_pond_e,
          serial_bayou_pond_e, serial_bayou_crossing
D:7:      layout_basic, hellmonk_ghost_happy_afterlife
Temple:   kb_corrupted_temple

Notes
Turn   | Place    | Note
-------+----------+-------------------------------------------
     0 | D:5      | Sobieck the Troll Delver began the quest for the Orb.
     0 | D:5      | Reached XP level 1. HP: 22/22 MP: 0/0
     0 | D:5      | magus.rc [v1.9.6]
    61 | D:4      | Noticed a bullfrog
    72 | D:5      | Killed a bullfrog
    73 | D:5      | Reached skill level 3 in Fighting
    73 | D:5      | Reached skill level 3 in Unarmed Combat
    73 | D:5      | Reached XP level 2. HP: 31/31 MP: 1/1
    73 | D:5      | Reached XP level 3. HP: 37/37 MP: 2/2
   101 | D:5      | Found a blossoming altar of Fedhas.
   151 | D:4      | Found a shimmering altar of Xom.
   209 | D:4      | Reached skill level 4 in Unarmed Combat
   209 | D:4      | Reached XP level 4. HP: 45/45 MP: 3/3
   371 | D:4      | Found a staircase to the Ecumenical Temple.
   384 | D:4      | You pick up a book of Geomancy and begin reading...
   384 | D:4      | You add the spells Sandblast, Passwall, Stone Arrow,
                  | Petrify and Lee's Rapid Deconstruction to your library.
   393 | Temple   | Entered the Ecumenical Temple
   498 | Temple   | Became a worshipper of Cheibriados the Contemplative
   687 | D:4      | Reached XP level 5. HP: 53/53 MP: 4/4
   943 | D:1      | Found a faded altar of an unknown god.
   959 | D:1      | You pick up a book of Maledictions and begin reading...
   959 | D:1      | You add the spells Corona, Ensorcelled Hibernation,
                  | Confusing Touch, Tukima's Dance and Dazzling Flash to your
                  | library.
  1008 | D:1      | You pick up a book of Conjurations {@e2} and begin
                  | reading...
  1008 | D:1      | You add the spells Magic Dart, Searing Ray, Fulminant Prism
                  | and Iskenderun's Mystic Blast to your library.
  1052 | D:1      | Reached * piety under Cheibriados
  1425 | D:1      | Found Kykykle's Weapon Shop.
  1964 | D:2      | Reached ** piety under Cheibriados
  2327 | D:2      | Reached skill level 1 in Invocations
  2539 | D:3      | Found a hazy altar of Hepliaklqana.
  2869 | D:4      | Noticed a phantom
  2874 | D:4      | Killed a phantom
  2875 | D:4      | Reached skill level 5 in Unarmed Combat
  2875 | D:4      | Reached XP level 6. HP: 57/62 MP: 4/6
  3283 | D:4      | Reached *** piety under Cheibriados
  3519 | D:5      | Reached skill level 2 in Invocations
  3526 | D:5      | Reached skill level 4 in Fighting
  3528 | D:5      | Noticed an ice beast
  3538 | D:5      | Killed an ice beast
  3539 | D:5      | Reached skill level 6 in Unarmed Combat
  3539 | D:5      | Reached XP level 7. HP: 56/70 MP: 7/7
  4192 | D:6      | Noticed a yak
  4193 | D:6      | Noticed a yak
  4194 | D:6      | Noticed a yak
  4194 | D:6      | Noticed a yak
  4196 | D:6      | Noticed a yak
  4201 | D:6      | Killed a yak
  4202 | D:6      | Reached skill level 3 in Invocations
  4203 | D:6      | Killed a yak
  4204 | D:6      | Reached skill level 7 in Unarmed Combat
  4204 | D:6      | Reached XP level 8. HP: 77/79 MP: 9/9
  4212 | D:6      | HP: 19/79 [yak (10)]
  4214 | D:6      | Reached skill level 5 in Fighting
  4216 | D:6      | HP: 9/80 [yak (9)]
  4219 | D:6      | Slain by a yak

Vanquished Creatures
  4 yaks (D:6)
  An ice beast (D:5)
  A phantom (D:4)
  A bullfrog (D:5)
  A bullfrog zombie (D:5)
  2 hounds (D:5)
  A jelly (D:5)
  3 bullfrog skeletons (D:6)
  A centaur skeleton (D:5)
  3 iguanas
  4 adders
  A shadow imp (D:4)
  A white imp (D:5)
  An ufetubus (D:4)
  2 adder skeletons (D:4)
  A worm (D:4)
  4 dart slugs
  11 orcs
  13 ball pythons
  10 endoplasms
  3 giant cockroaches
  8 goblins
  5 hobgoblins
  16 jackals
  5 kobolds
  2 quokkas
  3 bats
  2 frilled lizards
  6 rats (D:1)
116 creatures vanquished.

Table legend:
 A = Non-vault XP
 B = Vault XP
 C = Vault XP percentage of total XP
 D = Non-vault monster count
 E = Vault monster count
 F = Vault count percentage of total count
                 A         B        C        D         E       F
            +---------+---------+-------+---------+---------+-------
      Total |    1846 |       0 |   0.0 |     116 |       0 |   0.0
            +---------+---------+-------+---------+---------+-------
        D:1 |      51 |       0 |   0.0 |      28 |       0 |   0.0
        D:2 |      36 |       0 |   0.0 |      13 |       0 |   0.0
        D:3 |      34 |       0 |   0.0 |      16 |       0 |   0.0
        D:4 |     252 |       0 |   0.0 |      34 |       0 |   0.0
        D:5 |     551 |       0 |   0.0 |      18 |       0 |   0.0
        D:6 |     922 |       0 |   0.0 |       7 |       0 |   0.0
            +---------+---------+-------+---------+---------+-------

Illustrated notes

Table legend:
 A = Kills in this place as a percentage of kills in entire the game.
 B = Kills by you in this place as a percentage of kills by you in the entire game.
 C = Kills by friends in this place as a percentage of kills by friends in the entire game.
 D = Other kills in this place as a percentage of other kills in the entire game.
 E = Experience gained in this place as a percentage of experience gained in the entire game.
 F = Experience gained in this place divided by the number of levels of this place that you have seen.
                   A       B       C       D       E      F
               +-------+-------+-------+-------+-------+----------------------
         Total | 100.0 | 100.0 |   N/A |   N/A | 100.0 | 230.8
       Dungeon | 100.0 | 100.0 |   N/A |   N/A | 100.0 | 263.7
               +-------+-------+-------+-------+-------+----------------------

Table legend: (Time is in decaauts)
 A = Elapsed time spent in this place.
 B = Non-inter-level travel time spent in this place.
 C = Inter-level travel time spent in this place.
 D = Time resting spent in this place.
 E = Time spent auto-exploring this place.
 F = Levels seen in this place.
 G = Mean time per level.
                   A        B        C        D        E       F      G
               +--------+--------+--------+--------+--------+-----+--------+
         Total |   5750 |   5276 |    474 |    102 |   4300 |   8 |  718.8 |
       Dungeon |   5620 |   5170 |    450 |    102 |   4206 |   7 |  802.9 |
        Temple |    129 |    106 |     23 |      0 |     94 |   1 |  129.0 |
               +--------+--------+--------+--------+--------+-----+--------+

Top non-repeatable levels by time:
     D:4: 1585 daAuts
     D:5: 1176 daAuts
     D:1: 1116 daAuts
     D:2: 1095 daAuts
     D:3: 476 daAuts
     D:6: 169 daAuts
  Temple: 129 daAuts
     D:7: 1 daAuts
